 Dungeon Crawl Stone Soup version 0.30-a0-1074-g5db6f66fbb (webtiles) character file.

Game seed: 14211201628158655345

1952 funkygono the Cleaver (level 8, -2/71 HPs)
             Began as a Minotaur Fighter on Apr 13, 2023.
             Was a Believer of Okawaru.
             Slain by a cyclops (24 damage)
             ... on level 7 of the Dungeon.
             The game lasted 00:07:31 (5507 turns).

funkygono the Cleaver (Minotaur Fighter)            Turns: 5507, Time: 00:07:32

Health: -2/71      AC: 13    Str: 23    XL:     8   Next: 99%
Magic:  7/7        EV:  7    Int:  5    God:    Okawaru [**....]
Gold:   424        SH:  5    Dex: 10    Spells: 7/7 levels left

rFire   . . .      SeeInvis .    a - +0 war axe
rCold   . . .      Faith    .    c - +0 buckler
rNeg    . . .      Spirit   .    s - +0 plate armour
rPois   .          Reflect  .    (helmet restricted)
rElec   .          Rampage  .    (no cloak)
rCorr   .                        (no gloves)
Will    .....                    (no boots) Stlth
                                 (no amulet)
HPRegen 0.31/turn                m - +4 ring of slaying
MPRegen 0.10/turn                (no ring)

@: no status effects
A: horns 2, retaliatory headbutt
a: Renounce Religion, Heroism


You were on level 7 of the Dungeon.
You worshipped Okawaru.
Okawaru was pleased with you.
You visited 2 branches of the dungeon, and saw 8 of its levels.
You also visited: Sewer.

You collected 424 gold pieces.

Inventory:

Hand Weapons
 a - a +0 war axe (weapon)
Missiles
 t - 6 boomerangs (quivered)
Armour
 c - a +0 buckler (worn)
 s - a +0 plate armour (worn)
 E - a scarf of shadows
Jewellery
 k - an amulet of faith
 m - a +4 ring of slaying (left hand)
Wands
 C - a wand of iceblast (5)
 D - a wand of quicksilver (4)
Scrolls
 b - 2 scrolls of enchant weapon {unknown}
 e - a scroll of fear {unknown}
 f - 3 scrolls of amnesia {unknown}
 j - 2 scrolls of blinking {unknown}
 l - 4 scrolls of identify {unknown}
 p - a scroll of butterflies {unknown}
 q - 2 scrolls of immolation {unknown}
 r - a scroll of acquirement {unknown}
 u - 2 scrolls of enchant armour {unknown}
 x - 3 scrolls of teleportation {unknown}
 y - 3 scrolls of vulnerability {unknown}
 A - a scroll of fog {unknown}
Potions
 d - a potion of might
 g - 2 potions of haste {unknown}
 h - 2 potions of attraction {unknown}
 i - a potion of cancellation {unknown}
 n - 2 potions of heal wounds {unknown}
 o - a potion of degeneration {unknown}
 v - 2 potions of curing {unknown}
 w - a potion of flight {unknown}
 z - a potion of brilliance {unknown}
 B - a potion of lignification {unknown}


   Skills:
 + Level 6.4 Fighting
 + Level 9.8 Axes
 + Level 7.9 Armour
 + Level 2.5 Dodging
 + Level 0.5 Stealth
 + Level 5.4 Shields


You had 7 spell levels left.
You didn't know any spells.
Your spell library contained the following spells:

 Spells                   Type           Power      Damage    Failure   Level
 Apportation              Tloc           0%         N/A       100%        1
 Magic Dart               Conj           0%         1d3       100%        1
 Necrotise                Necr           0%         1d4       100%        1
 Blink                    Tloc           0%         N/A       100%        2
 Lesser Beckoning         Tloc           0%         N/A       100%        2
 Momentum Strike          Conj/Tloc      0%         3d8       100%        2
 Mephitic Cloud           Conj/Pois/Air  0%         N/A       100%        3
 Portal Projectile        Hex/Tloc       0%         N/A       100%        3
 Leda's Liquefaction      Hex/Erth       0%         N/A       100%        4
 Manifold Assault         Tloc           0%         N/A       100%        4
 Storm Form               Tmut/Air       0%         N/A       100%        7
 Summon Small Mammal      Summ           Unusable   N/A       N/A         1
 Call Imp                 Summ           Unusable   N/A       N/A         2
 Call Canine Familiar     Summ           Unusable   N/A       N/A         3

Dungeon Overview and Level Annotations

Branches:
Dungeon (7/15)             Temple (1/1) D:4           Sewer (visited)

Altars:
Ashenzari
Cheibriados
Dithmenos
Gozag
Hepliaklqana
Kikubaaqudgha
Okawaru
Ru
Sif Muna
Trog
Uskayaw
Vehumet
Wu Jian
Xom
Zin
The Shining One


Innate Abilities, Weirdness & Mutations

You have a pair of horns on your head.
You reflexively headbutt those who attack you in melee.


Message History

You slash the slime creature!
The slime creature is heavily wounded.
The slime creature hits you.
You slash the slime creature!
The slime creature is severely wounded.
You block the slime creature's attack.
You slash the slime creature!
Your headbutt misses the slime creature.
The slime creature is almost dead.
The slime creature hits you!
You slash the slime creature!
You kill the slime creature!
Okawaru is honoured by your kill.
The shadow strikes at you from the darkness!
Reactivating autopickup.
You slash the shadow! Your headbutt misses the shadow.
The shadow is severely damaged.
You block the shadow's attack.
You barely miss the shadow.
The shadow is severely damaged.
The shadow hits you.
* * * LOW HITPOINT WARNING * * *
You slash the shadow!
You destroy the shadow!
Okawaru accepts your kill.
You closely miss the ice beast.
The ice beast hits you but does no damage.
You slash the ice beast!
The ice beast is moderately wounded.
The ice beast closely misses you. You furiously retaliate!
You headbutt the ice beast! You slash the ice beast!
You kill the ice beast!
Okawaru accepts your kill.
You slash the cyclops! Your headbutt misses the cyclops.
The cyclops is lightly wounded.
You hit the cyclops. You headbutt the cyclops.
The cyclops is moderately wounded.
The cyclops hits you!!
You die...

♣.♣ ♣♣ ♣.♣♣♣♣♣~♣#
♣....†.~.#
♣.♣♣~.~≈~#
♣.♣#~♣♣~♣# ♣.♣#~♣ ♣♣
♣.♣#~♣♣♣
♣.♣♣♣♣♣♣♣♣♣.♣#♣~P♣♣#
♣.....C@....♣
♣.†≈≈#..##
♣♣♣♣♣.♣♣♣♣♣♣♣
♣♣.♣♣#.... #.# ♣.♣
.###


:C! ♣♣.♣♣ ### .~~~. #♣...♣# ... .#~~S#[ #.....# ### .♣.~~~{♣. #♣...♣# ## .♣
♣$.(♣ ♣. ♣♣.♣♣#.##. ## #############.###.... You could see a cyclops.

Vanquished Creatures
  Sigmund (D:2)
  A slime creature (D:7)
  A shadow (D:7)
  3 black bears
  2 ice beasts
  A sky beast (D:6)
  A centaur (D:5)
  2 scorpions
  2 electric eels (D:7)
  2 hounds
  A jelly (D:4)
  4 orc priests
  A sleepcap (D:3)
  2 iguanas (D:6)
  A hell rat (Sewer)
  4 orc wizards
  13 adders
  3 river rats
  A howler monkey simulacrum (D:7)
  An ufetubus (D:5)
  2 worms
  2 dart slugs
  9 orcs
  2 ball pythons
  5 bats
  15 endoplasms
  11 giant cockroaches
  3 hobgoblins
  3 jackals (D:1)
  5 frilled lizards
  7 goblins
  7 kobolds
  16 rats
134 creatures vanquished.

Vanquished Creatures (others)
  An angel (D:6)
  3 plants (D:7)
4 creatures vanquished.

Grand Total: 138 creatures vanquished

Notes
Turn   | Place    | Note
-------+----------+-------------------------------------------
     0 | D:1      | funkygono the Minotaur Fighter began the quest for the Orb.
     0 | D:1      | Reached XP level 1. HP: 19/19 MP: 0/0
     1 | D:1      | Found a runed translucent door.
    90 | D:1      | Reached XP level 2. HP: 23/27 MP: 1/1
   166 | D:1      | Reached skill level 3 in Axes
   168 | D:1      | Reached XP level 3. HP: 12/33 MP: 2/2
   883 | D:2      | Found a snail-covered altar of Cheibriados.
   918 | D:2      | You fall into a shaft and drop 2 floors!
   995 | D:3      | Reached XP level 4. HP: 37/40 MP: 3/3
  1020 | D:2      | Noticed Sigmund
  1024 | D:2      | Killed Sigmund
  1025 | D:2      | Reached skill level 5 in Axes
  1025 | D:2      | Reached skill level 1 in Dodging
  1025 | D:2      | Reached XP level 5. HP: 40/47 MP: 4/4
  1097 | D:2      | Reached XP level 6. HP: 53/55 MP: 5/5
  1156 | D:2      | Found a faded altar of an unknown god.
  2176 | D:4      | Found a staircase to the Ecumenical Temple.
  2187 | Temple   | Entered the Ecumenical Temple
  2289 | Temple   | Became a worshipper of Warmaster Okawaru
  2401 | D:4      | Reached skill level 5 in Fighting
  2401 | D:4      | Reached skill level 5 in Armour
  2929 | D:5      | Entered Level 5 of the Dungeon
  3160 | D:5      | Reached skill level 6 in Axes
  3163 | D:5      | Found a glowing drain.
  3166 | D:5      | Reached XP level 7. HP: 56/61 MP: 6/6
  3187 | Sewer    | Entered a sewer
  3270 | Sewer    | Reached skill level 5 in Shields
  3753 | D:5      | Reached * piety under Okawaru
  3878 | D:5      | Found a faded altar of an unknown god.
  3878 | D:5      | Found a bloodstained altar of Trog.
  3885 | D:5      | Found a shimmering blue altar of Sif Muna.
  3887 | D:5      | Found an ornate altar of the Wu Jian Council.
  3889 | D:5      | Found a faded altar of an unknown god.
  4089 | D:6      | Reached skill level 7 in Axes
  4092 | D:6      | Found an ancient bone altar of Kikubaaqudgha.
  4151 | D:6      | Found a glowing silver altar of Zin.
  4153 | D:6      | Noticed an angel
  4158 | D:6      | Found a shimmering altar of Xom.
  4326 | D:6      | Reached XP level 8. HP: 57/69 MP: 7/7
  4448 | D:6      | Reached skill level 8 in Axes
  4593 | D:6      | Killed an angel
  4909 | D:6      | Found a snail-covered altar of Cheibriados.
  5000 | D:7      | Reached ** piety under Okawaru
  5237 | D:7      | Reached skill level 9 in Axes
  5487 | D:7      | Noticed a slime creature
  5488 | D:7      | Noticed a cyclops
  5499 | D:7      | Killed a slime creature
  5507 | D:7      | Slain by a cyclops

Illustrated notes

Levels and vault maps discovered:
D:1:      dpeg_arrival_caged_fury, layout_loops_cross
D:2:      layout_basic, hellmonk_ecumenical_altar_crossroads, basic_altar,
          dreamdust_wishing_well, uniq_sigmund
D:3:      layout_basic
D:4:      layout_loops_ring, minmay_temple_entry_statues_fountains
D:5:      layout_basic, chequers_temple_overflow_minitemple,
          portal_sewer_entry_b, nicolae_half_adder
D:6:      layout_cave_pods, amcnicky_altar_gilded,
          grunt_temple_overflow_order_and_chaos_1, general_overflow_altar
D:7:      nzn_winding_woodlands_large [nzn_winding_woodlands_hourglass,
          nzn_winding_woodlands_5x15_lazy_stream,
          nzn_winding_woodlands_5x5_default,
          nzn_winding_woodlands_center_diamonds,
          nzn_winding_woodlands_15x15_boxy_spiral,
          nzn_winding_woodlands_center_triple_pond,
          nzn_winding_woodlands_5x5_checkerboard,
          nzn_winding_woodlands_5x15_default, nzn_winding_woodlands_5x5_cross],
          layout_loops_ring, nicolae_qazlal_style_of_elements, minivault_14
Temple:   hellmonk_temple_forest_ring

Skill      XL: |  1  2  3  4  5  6  7  8 |
---------------+-------------------------+-----
Shields        | 4 5 |  5.4
Armour         | 4 5 6 7 |  7.9
Axes           | 3 5 6 7 9 |  9.8
Fighting       | 4 5 6 |  6.4
Dodging        | 1 2 |  2.5
Stealth        | |  0.5

Action                     |  1- 3 |  4- 6 |  7- 9 || total
---------------------------+-------+-------+-------++-------
  Melee: War axe           |    64 |    66 |   127 ||   257
         Headbutt          |    12 |    10 |    24 ||    46
 Armour: Scale mail        |    37 |    38 |       ||    75
         Plate armour      |       |    14 |    92 ||   106
  Dodge: Dodged            |    48 |    26 |    39 ||   113
  Block: Buckler           |    20 |    13 |    17 ||    50

Table legend: (Time is in decaauts)
 A = Elapsed time spent in this place.
 B = Non-inter-level travel time spent in this place.
 C = Inter-level travel time spent in this place.
 D = Time resting spent in this place.
 E = Time spent auto-exploring this place.
 F = Levels seen in this place.
 G = Mean time per level.
                   A        B        C        D        E       F      G
               +--------+--------+--------+--------+--------+-----+--------+
         Total |   5585 |   5439 |    146 |     90 |   4353 |   9 |  620.6 |
       Dungeon |   5296 |   5168 |    128 |     90 |   4133 |   7 |  756.6 |
        Temple |    171 |    153 |     18 |      0 |    139 |   1 |  171.0 |
         Sewer |    117 |    117 |      0 |      0 |     81 |   1 |  117.0 |
               +--------+--------+--------+--------+--------+-----+--------+

Top non-repeatable levels by time:
     D:5: 1046 daAuts
     D:6: 931 daAuts
     D:1: 786 daAuts
     D:3: 766 daAuts
     D:4: 667 daAuts
     D:2: 576 daAuts
     D:7: 521 daAuts
  Temple: 171 daAuts
   Sewer: 117 daAuts
